AoeStats
← Malelf

Hideout

507291833Analyzed
1v1 RM · 15d ago on Sep 17, 2026· 30m 35s· 2 players
Game mode
Random Map
Map size
Tiny (2 player)
Population
200
Speed
Normal
Resources
Standard
Victory
Conquest
Starting age
Dark Age
Ending age
Imperial Age
RankedLock teamsTeams togetherTeam positionsShared explorationLock speedFull tech treeHidden civsTurbo modeCheats
Victory
Defeat
🇫🇷 Jurchens · France
1897
+8
🇮🇹 Poles · Italy
1714
-8
Malelf
11:19 Feudal Age
14:52 Castle Age
12:53 Double-Bit Axe
13:43 Horse Collar
19:03 Szlachta Privileges
27:04 Bow Saw
27:39 Bloodlines
28:35 Loom
29:48 Wheelbarrow
30:08 Husbandry
30:24 Heavy Plow
scorpion145
10:55 Feudal Age
12:18 Double-Bit Axe
14:35 Castle Age
12:40 Horse Collar
15:57 Bow Saw
20:49 Heavy Plow
22:44 Wheelbarrow
23:28 Fletching
24:00 Loom
24:08 Gold Mining
25:26 Bloodlines
25:17 Husbandry
25:42 Padded Archer Armor
25:43 Bodkin Arrow
26:03 Padded Archer Armor
28:13 Ballistics
30:54 Imperial Age
29:43 Gold Shaft Mining
29:01 Stone Mining
Connection lost

Rejoining the realm…

Still unreachable

The connection could not be restored.

Session expired

The server has moved on; the page needs a fresh start.